Map: Last Fantasy LE

Players

IlIlIlIlIlII

  • Race: Terran Terran
  • League: Diamond
  • Spawn Location: 12:00

Bakon - Winner!

  • Race: Protoss Protoss
  • League: Diamond
  • Spawn Location: 3:00

VOD

Have the link to the VOD?

Description

Time

  • Played on: July 25, 2025, 5:50 p.m.
  • Length: 12:24
Show
View Real Time Build Order
Export as new Build Order

IlIlIlIlIlII Terran 

Build Orders:  

Get SALT Encoding   

  12  0:09  Supply Depot  
  12  0:13  SCV  
  13  0:25  SCV  
  14  0:33  Barracks  
  14  0:37  SCV  
  15  0:43  Refinery  
  15  0:49  SCV  
  16  0:54  Refinery  
  16  1:01  SCV  
  17  1:13  SCV  
  18  1:25  SCV  
  19  1:26  Barracks Reactor  
  19  1:32  Bunker  
  19  1:37  Orbital Command  
  19  2:03  Marine x2  
  19  2:04  SCV  
  19  2:08  Supply Depot  
  22  2:13  Factory  
  22  2:16  SCV  
  23  2:24  Bunker  
  23  2:29  Marine, SCV  
  25  2:33  Marine  
  26  2:41  SCV  
  27  2:52  Marine x2  
  27  2:53  SCV  
  27  2:58  Starport  
  30  3:06  SCV  
  30  3:07  Supply Depot  
  30  3:12  Marine x2  
  31  3:13  Widow Mine  
  31  3:18  SCV  
  36  3:30  SCV  
  37  3:36  Medivac  
  39  3:42  SCV  
  39  3:43  Barracks Tech Lab  
  39  3:45  Widow Mine x2  
  44  3:51  Bunker  
  44  3:54  SCV  
  45  4:07  Command Center  
  45  4:14  Starport Tech Lab  
  45  4:18  Marine x2  
  47  4:33  Siege Tank  
  47  4:36  Marine  
  47  5:01  Cloaking Field, Banshee  
  47  5:03  Marine x2  
  48  5:12  Engineering Bay  
  48  5:19  SCV  
  48  5:20  Orbital Command  
  48  5:21  Marine x2  
  51  5:31  Siege Tank, SCV  
  55  5:40  Missile Turret  
  55  5:43  Marine x2  
  55  5:49  Banshee  
  60  5:54  SCV x2  
  62  6:06  Bunker, Siege Tank  
  62  6:08  Marine x2  
  62  6:10  SCV  
  68  6:14  Supply Depot  
  68  6:22  Supply Depot  
  68  6:29  Marine  
  68  6:30  Marine  
  68  6:32  Missile Turret  
  70  6:35  Banshee  
  73  6:45  Siege Tank  
  76  6:47  Marine x2  
  76  6:49  Supply Depot  
  78  6:54  Missile Turret  
  78  7:04  SCV  
  78  7:05  Marine  
  78  7:06  Refinery  
  78  7:07  Refinery, SCV  
  81  7:13  Missile Turret  
  81  7:14  Bunker  
  81  7:15  Marine  
  82  7:16  SCV  
  83  7:23  Marine  
  83  7:24  Siege Tank  
  83  7:25  Banshee  
  90  7:33  Marine  
  90  7:36  Terran Infantry Weapons Level 1  
  91  7:38  Armory  
  91  7:41  Marine  
  91  7:42  SCV  
  91  7:43  SCV  
  94  7:55  Starport  
  94  7:59  Starport  
  94  8:07  Marine x2, SCV x2  
  94  8:09  Missile Turret  
  98  8:18  Supply Depot x2  
  98  8:19  Supply Depot  
  98  8:20  Supply Depot  
  98  8:27  SCV x2  
  98  8:28  Marine x2  
  98  8:31  Missile Turret  
  102  8:35  Starport Tech Lab  
  102  8:36  Starport Tech Lab  
  102  8:39  Siege Tank  
  105  8:43  Supply Depot  
  105  8:50  Hyperflight Rotors  
  105  8:53  Marine x2  
  107  9:00  Terran Ship Weapons Level 1  
  107  9:01  Banshee  
  107  9:02  Banshee  
  113  9:06  Banshee  
  116  9:14  SCV  
  117  9:23  Marine  
  117  9:24  Marine, Siege Tank  
  122  9:31  Missile Turret  
  122  9:41  Marine  
  123  9:47  Missile Turret, Marine  
  123  9:49  Missile Turret  
  123  9:52  Banshee x2  
  127  9:54  Missile Turret  
  127  9:56  Siege Tank  
  133  10:01  SCV  
  133  10:02  SCV  
  133  10:05  Missile Turret, Marine  
  133  10:06  Marine  
  137  10:13  SCV  
  138  10:16  Missile Turret  
  138  10:20  Banshee  
  141  10:23  Marine  
  141  10:28  Missile Turret  
  142  10:29  Missile Turret  
  142  10:38  Supply Depot  
  142  10:44  Command Center  
  142  10:53  SCV x2  
  144  11:00  Siege Tank  
  147  11:05  SCV x2  
  147  11:08  Missile Turret  
  149  11:15  Marine x2  
  151  11:32  Siege Tank  
  145  11:33  Banshee, Marine x2  
  145  11:34  Banshee  
  145  11:38  SCV x2  
  155  11:50  SCV  
Show
View Real Time Build Order
Export as new Build Order

Bakon Protoss - Winner!

Build Orders:  

Get SALT Encoding   

  12  0:01  Probe  
  13  0:13  Probe  
  14  0:23  Pylon  
  14  0:25  Probe  
  15  0:41  Probe  
  16  0:53  Probe  
  17  1:05  Probe  
  18  1:14  Nexus  
  18  1:20  Gateway  
  18  1:25  Probe  
  19  1:27  Assimilator  
  19  1:37  Probe  
  20  1:42  Gateway  
  20  1:49  Probe  
  20  1:50  Pylon  
  21  2:01  Probe  
  22  2:03  Zealot  
  22  2:07  Cybernetics Core  
  22  2:12  Probe  
  25  2:20  Probe  
  26  2:33  Warp Gate  
  26  2:35  Probe x2  
  26  2:38  Gateway  
  26  2:43  Probe  
  26  2:44  Probe  
  28  2:48  Adept  
  32  2:52  Probe  
  32  2:53  Adept  
  32  2:56  Probe  
  36  3:02  Pylon  
  36  3:14  Probe x2, Twilight Council  
  36  3:18  Assimilator  
  38  3:26  Probe x2  
  39  3:28  Shield Battery  
  39  3:29  Shield Battery  
  40  3:34  Probe  
  40  3:35  Stalker  
  40  3:38  Probe  
  44  3:42  Zealot  
  46  3:50  Probe  
  46  3:53  Forge  
  47  4:00  Probe  
  49  4:02  Probe  
  49  4:04  Assimilator  
  49  4:07  Pylon  
  49  4:15  Probe x2  
  51  4:22  Gateway  
  51  4:24  Stalker  
  51  4:25  Stalker  
  51  4:28  Photon Cannon  
  55  4:32  Stalker  
  55  4:34  Photon Cannon  
  55  4:38  Photon Cannon  
  51  5:13  Photon Cannon  
  51  5:19  Protoss Ground Weapons Level 1  
  51  5:26  Assimilator  
  51  5:28  Stalker x3  
  53  5:29  Stalker  
  59  5:42  Probe, Blink  
  59  5:43  Probe  
  59  5:47  Robotics Facility  
  59  5:48  Pylon  
  61  5:51  Probe  
  62  6:03  Probe  
  62  6:04  Pylon  
  62  6:10  Probe  
  64  6:13  Zealot x3  
  70  6:19  Probe  
  70  6:22  Probe  
  72  6:25  Pylon  
  72  6:26  Nexus  
  72  6:27  Probe  
  72  6:28  Pylon  
  72  6:29  Zealot  
  75  6:33  Observer  
  75  6:34  Probe  
  77  6:44  Zealot  
  77  6:45  Robotics Bay, Zealot x2  
  83  6:48  Probe x2  
  83  6:51  Observer  
  86  7:01  Photon Cannon  
  86  7:04  Shield Battery  
  86  7:05  Shield Battery  
  86  7:09  Stalker x2  
  90  7:20  Protoss Ground Armor Level 1  
  90  7:28  Colossus  
  90  7:29  Zealot x2  
  94  7:32  Extended Thermal Lance  
  94  7:39  Pylon, Probe  
  94  7:40  Probe x2  
  94  7:43  Charge  
  103  7:51  Pylon x2  
  103  7:52  Probe x2  
  103  7:55  Photon Cannon  
  105  8:00  Photon Cannon, Zealot  
  105  8:01  Zealot  
  105  8:04  Colossus  
  105  8:05  Probe x3  
  112  8:12  Assimilator  
  112  8:17  Probe  
  112  8:19  Assimilator  
  113  8:25  Forge  
  118  8:44  Templar Archives  
  118  8:48  Zealot x4  
  122  8:54  Photon Cannon  
  126  8:56  Gateway, Pylon, Protoss Ground Weapons Level 2  
  126  9:01  Gateway  
  126  9:07  Photon Cannon  
  126  9:09  Zealot x3  
  132  9:12  Photon Cannon  
  132  9:13  Photon Cannon  
  132  9:25  Pylon  
  132  9:27  Pylon  
  132  9:28  Pylon  
  132  9:30  Psionic Storm, Protoss Ground Armor Level 2  
  132  9:38  Colossus  
  132  9:40  Nexus  
  132  9:42  High Templar x2  
  132  9:43  High Templar  
  132  9:44  High Templar  
  146  9:58  Probe x2  
  148  10:01  Pylon  
  148  10:11  Probe x3  
  151  10:16  High Templar x2  
  151  10:18  Colossus  
  151  10:21  Zealot x2  
  159  10:35  Stalker x2  
  169  10:43  Probe x2  
  169  10:47  Photon Cannon  
  169  10:48  Probe  
  172  10:50  Pylon  
  172  10:54  Pylon  
  172  10:55  Probe  
  173  10:59  Assimilator, High Templar x2  
  173  11:00  High Templar  
  173  11:01  Zealot x3  
  173  11:02  Assimilator  
  185  11:06  Observer  
  186  11:19  Probe x4  
  190  11:30  Stalker x2  
  190  11:31  Stalker  
  190  11:39  Stalker x2  
  200  11:59  Photon Cannon  
  200  12:02  Photon Cannon x2  
  200  12:04  Photon Cannon  
  200  12:07  Photon Cannon  
Tags
 
Add a new tag
Caveats
  • Supply blocks, unpowered buildings, or Contaminate may cause inaccurate times.
  • Supply counts are checked every 10 seconds.